 Dungeon Crawl Stone Soup version 0.29-a0-284-gf9362112df (webtiles) character file.

Game seed: 17133211597523960447

5140 ytrimaz the Cleaver (level 10, -7/79 HPs)
             Began as a Demonspawn Berserker on Mar 21, 2022.
             Was an Elder of Trog.
             Splashed by a jelly's acid (8 damage)
             ... on level 8 of the Dungeon.
             The game lasted 00:11:01 (11437 turns).

ytrimaz the Cleaver (Demonspawn Berserker)         Turns: 11437, Time: 00:11:01

Health: -7/79      AC: -2    Str: 21    XL:     10   Next: 33%
Magic:  10/10      EV:  8    Int:  9    God:    Trog [****..]
Gold:   465        SH:  0    Dex: 13    Spells: 9/9 levels left

rFire   . . .      SeeInvis .   a - +0 hand axe
rCold   . . .      Faith    .   (no shield)
rNeg    . . .      Spirit   .   i - +0 plate armour
rPois   .          Reflect  .   m - +1 helmet
rElec   .          Harm     .   (no cloak)
rCorr   .          Rampage  .   h - +0 pair of gloves
Will    .....                   (no boots)
Stlth   ..........              l - amulet of magic regeneration
HPRegen 0.23/turn               j - +4 ring of slaying
MPRegen 0.52/turn               (no ring)

@: corroded, invisible
A: powered by pain 2, sturdy frame 1, demonic touch 1
a: Renounce Religion, Berserk, Trog's Hand, Brothers in Arms


You were on level 8 of the Dungeon.
You worshipped Trog.
Trog was greatly pleased with you.
You visited 1 branch of the dungeon, and saw 8 of its levels.

You collected 465 gold pieces.

Inventory:

Hand Weapons
 a - a +0 hand axe (weapon)
 y - a +0 battleaxe
Missiles
 r - 5 boomerangs
 x - a throwing net
Armour
 h - a +0 pair of gloves (worn)
 i - a +0 plate armour (worn)
 m - a +1 helmet (worn)
Jewellery
 f - a ring of magical power
 j - a +4 ring of slaying (left hand)
 l - an amulet of magic regeneration (around neck)
 o - a ring of ice
Wands
 k - a wand of flame (16) (quivered)
 p - a wand of iceblast (7)
Scrolls
 c - a scroll of enchant armour
 d - 3 scrolls of immolation
 e - a scroll of blinking
 s - a scroll of enchant weapon
 t - a scroll of teleportation
 w - a scroll of vulnerability {unknown}
 z - 3 scrolls of brand weapon
Potions
 b - 4 potions of might
 g - a potion of lignification
 n - a potion of invisibility
 q - a potion of resistance {unknown}
 u - a potion of brilliance {unknown}
 v - a potion of curing {unknown}


   Skills:
 + Level 7.5 Fighting
 + Level 9.7 Axes
 + Level 8.3 Armour
 + Level 3.0 Dodging
 + Level 0.6 Evocations


You had 9 spell levels left.
You didn't know any spells.
Your spell library was empty.

Dungeon Overview and Level Annotations

Branches:
Dungeon (8/15)             Temple (0/1) D:6            Lair (0/6) D:8

Altars:
Ashenzari
Elyvilon
Fedhas
Okawaru
Qazlal
Trog
Vehumet
Wu Jian
Xom
Yredelemnul

Annotations:
D:4 1 runed translucent door, Crazy Yiuf


Innate Abilities, Weirdness & Mutations

You sometimes gain power by taking damage.
Your movements are slightly less encumbered by armour. (ER -2)
Your touch may inflict minor irresistible damage on your foes.


Message History

The jelly closely misses you. The gnoll hits you but does no damage.
Unknown command.
You hit the gnoll but do no damage.
You touch the gnoll.
You kill the gnoll!
Trog accepts your kill.
You hit the jelly.
Your hands burn!
The jelly barely misses you.
Unknown command.
You slash the jelly!
Your hands burn!
The jelly is almost dead.
You hit the jelly.
Your hands burn!
The jelly closely misses you. The jelly hits you. The acid corrodes you!
You are splashed with acid!
* * * LOW HITPOINT WARNING * * *
Unknown command.
You hit the jelly. The acid corrodes you!
Your hands burn!
* * * LOW HITPOINT WARNING * * *
You touch the jelly.
The jelly is severely wounded.
You hit the jelly but do no damage.
Your hands burn!
* * * LOW HITPOINT WARNING * * *
Unknown command.
You hit the jelly but do no damage.
Your hands burn!
* * * LOW HITPOINT WARNING * * *
The jelly is almost dead.
You hit the jelly but do no damage. The acid corrodes you!
Your hands burn!
* * * LOW HITPOINT WARNING * * *
The jelly barely misses you. The jelly hits you but does no damage.
Unknown command.
Unknown command.
The jelly attacks as you move away! The jelly hits you.
* * * LOW HITPOINT WARNING * * *
The acid corrodes you!
You are splashed with acid.
* * * LOW HITPOINT WARNING * * *
You see here a +0 club.
Unknown command.
It was a potion of invisibility.
You fade into invisibility!
The jelly hits you.
* * * LOW HITPOINT WARNING * * *
You are splashed with acid!
You die...

....
...............###
..##
............<.....#
..#
...##.....#....##..
.##
.#.............#...
.#
#..#######......#
##
....#..$$$#....###
# ..#.#.$$$.#?...#
. ..#.+.._..#.)..#
#. #.#$...$#@#### #
.#$....#J#
.#######J.#
.........#
......##.. .....#
... ..... ..<.
..... .#### ...$ ##


You could see 2 jellies.

Vanquished Creatures
  A troll (D:6)
  A hornet (D:7)
  A wraith (D:7)
  Sigmund (D:3)
  2 wargs (D:8)
  Menkaure (D:7)
  2 steam dragons (D:7)
  4 water moccasins
  2 orc warriors
  A black bear (D:7)
  2 ice beasts
  A sky beast (D:7)
  3 centaurs
  A phantom (D:6)
  2 kobold brigands (D:7)
  3 gnoll sergeants
  2 necrophages
  2 bullfrogs
  A scorpion (D:7)
  A killer bee (D:6)
  4 howler monkeys
  7 jellies
  2 hounds
  A gnoll shaman (D:7)
  6 orc priests
  Ijyb (D:3)
  Jessica (D:3)
  Terence (D:3)
  4 iguanas
  2 orc wizards
  Robin (D:3)
  16 gnolls
  9 adders
  4 white imps (D:7)
  An ufetubus (D:5)
  2 worms
  4 dart slugs
  20 orcs
  10 bats
  5 endoplasms
  5 giant cockroaches
  14 goblins
  10 hobgoblins
  4 jackals (D:1)
  3 quokkas
  9 ball pythons
  4 frilled lizards
  9 kobolds
  11 rats
204 creatures vanquished.

Vanquished Creatures (collateral kills)
  A hydra (D:6)
1 creature vanquished.

Vanquished Creatures (others)
  A plant (D:8)
1 creature vanquished.

Grand Total: 206 creatures vanquished

Notes
Turn   | Place    | Note
-------+----------+-------------------------------------------
     0 | D:1      | ytrimaz the Demonspawn Berserker began the quest for the
                  | Orb.
     0 | D:1      | Reached XP level 1. HP: 18/18 MP: 1/1
    30 | D:1      | Found a faded altar of an unknown god.
   150 | D:1      | Gained mutation: You sometimes gain a little power by
                  | taking damage. [demonic ancestry]
   150 | D:1      | Reached XP level 2. HP: 12/24 MP: 2/2
   153 | D:1      | Reached skill level 3 in Axes
  1193 | D:1      | Reached ** piety under Trog
  1301 | D:1      | Reached XP level 3. HP: 24/29 MP: 3/3
  2244 | D:2      | Gained mutation: Your touch may inflict minor irresistible
                  | damage on your foes. [demonic ancestry]
  2244 | D:2      | Reached XP level 4. HP: 36/37 MP: 4/4
  3104 | D:3      | Noticed Ijyb
  3116 | D:3      | Killed Ijyb
  3117 | D:3      | Reached skill level 4 in Axes
  3309 | D:3      | Found a shimmering altar of Xom.
  3315 | D:3      | Found a blossoming altar of Fedhas.
  3457 | D:3      | Reached XP level 5. HP: 28/42 MP: 5/5
  4048 | D:3      | Noticed Terence
  4059 | D:3      | Killed Terence
  4119 | D:3      | Reached *** piety under Trog
  4221 | D:3      | Noticed Sigmund
  4237 | D:3      | Killed Sigmund
  4238 | D:3      | Reached skill level 5 in Axes
  4238 | D:3      | Reached XP level 6. HP: 37/48 MP: 6/6
  4355 | D:3      | Noticed Jessica
  4362 | D:3      | Killed Jessica
  4477 | D:3      | Noticed Robin
  4500 | D:3      | Killed Robin
  5055 | D:4      | Found a broken altar of Ashenzari.
  5055 | D:4      | Found a stormy altar of Qazlal.
  5070 | D:4      | Gained mutation: You sometimes gain power by taking damage.
                  | [demonic ancestry]
  5070 | D:4      | Reached XP level 7. HP: 31/55 MP: 7/7
  5413 | D:4      | Found a runed translucent door.
  5414 | D:4      | Noticed Crazy Yiuf
  5686 | D:5      | Entered Level 5 of the Dungeon
  6000 | D:5      | Found an ornate altar of the Wu Jian Council.
  6094 | D:5      | Reached skill level 6 in Axes
  6170 | D:5      | You fall into a shaft and drop 1 floor!
  6190 | D:6      | Reached skill level 5 in Fighting
  6211 | D:6      | Reached XP level 8. HP: 41/62 MP: 8/8
  6443 | D:5      | Found a basalt altar of Yredelemnul.
  6532 | D:5      | Reached skill level 7 in Axes
  6991 | D:6      | Found an iron altar of Okawaru.
  7023 | D:6      | Reached skill level 5 in Armour
  7067 | D:6      | Noticed a troll
  7078 | D:6      | Killed a troll
  7106 | D:6      | Noticed a five-headed hydra
  7385 | D:6      | Found a staircase to the Ecumenical Temple.
  7449 | D:6      | Reached **** piety under Trog
  7739 | D:6      | Killed a five-headed hydra
  7740 | D:6      | Reached skill level 8 in Axes
  7740 | D:6      | Reached XP level 9. HP: 45/69 MP: 9/9
  8740 | D:7      | Reached skill level 9 in Axes
  8781 | D:7      | Noticed Menkaure
  8792 | D:7      | Killed Menkaure
 10004 | D:7      | Paralysed by a hornet for 1 turns
 10008 | D:7      | Paralysed by a hornet for 1 turns
 10011 | D:7      | Gained mutation: Your movements are slightly less
                  | encumbered by armour. (ER -2) [demonic ancestry]
 10011 | D:7      | Reached XP level 10. HP: 36/79 MP: 10/10
 10508 | D:7      | Noticed a moth of wrath
 10510 | D:7      | Found a bloodstained altar of Trog.
 10907 | D:8      | Found a staircase to the Lair.
 11399 | D:8      | Found a radiant altar of Vehumet.
 11436 | D:8      | HP: 2/79 [acid (5)]
 11437 | D:8      | Splashed by a jelly's acid

Illustrated notes

Levels and vault maps discovered:
D:1:      minmay_arrival_stone_box, layout_basic,
          hellmonk_ecumenical_altar_blasted
D:2:      layout_basic, serial_glass, glass_columns_a, glass_columns_a,
          glass_columns_b, glass_columns_c
D:3:      layout_loops_corners, mainiacjoe_overflow_catwalk_spiral, uniq_ijyb,
          uniq_jessica, uniq_terence, uniq_robin, uniq_sigmund
D:4:      layout_loops_ring, mainiacjoe_overflow_cross_hatched,
          nicolae_ashenzari_skybound, uniq_crazy_yiuf_cottage
D:5:      layout_basic, kennysheep_ying_yang,
          mainiacjoe_overflow_concentric_impassable, hangedman_decor_slide_cut
D:6:      minmay_cornered_nines, layout_basic, okawaru_trees_2,
          minmay_temple_entry_nine_rooms
D:7:      minmay_s_stair_smasher, layout_basic, tgw_trog, serial_rivers,
          chequers_serial_rivers_micro_d, chequers_serial_rivers_small_b,
          chequers_serial_rivers_micro_e, chequers_serial_rivers_micro_d,
          chequers_serial_rivers_large_a, chequers_serial_rivers_small_b,
          serial_park_tiny_1, grunt_ministairs_9, uniq_menkaure
D:8:      layout_rooms, amcnicky_altar_gilded, mainiacjoe_overflow_24_doors,
          erik_lair_orcish_takeover, minmay_misc_feat_roman, jiyva_altar_1

Skill      XL: |  1  2  3  4  5  6  7  8  9 10 |
---------------+-------------------------------+-----
Axes           | 3 4 5 6 8 9 |  9.7
Dodging        | 2 3 |  3.0
Armour         | 2 3 4 6 7 8 |  8.3
Fighting       | 4 5 6 7 |  7.5
Evocations     | |  0.6

Action                   |  1- 3 |  4- 6 |  7- 9 | 10-12 || total
-------------------------+-------+-------+-------+-------++-------
Melee: Hand axe          |   130 |   152 |   279 |   117 ||   678
       Punch             |     2 |     2 |     5 |     1 ||    10
       Touch             |       |    24 |    60 |    27 ||   111
Invok: Berserk           |     1 |     1 |     3 |     1 ||     6
       Trog's Hand       |       |     1 |     3 |     1 ||     5
       Brothers in Arms  |       |       |     1 |       ||     1
Evoke: Wand              |       |       |     3 |       ||     3
  Use: Scroll            |       |     6 |     4 |     3 ||    13
       Potion            |       |       |       |     2 ||     2
 Stab: Sleeping          |     2 |       |       |       ||     2
Armor: Animal skin       |    26 |       |       |       ||    26
       Plate armour      |    20 |    90 |   225 |    71 ||   406
       Skin              |       |       |       |     6 ||     6
Dodge: Dodged            |   112 |    47 |    94 |    56 ||   309

Table legend: (Time is in decaauts)
 A = Elapsed time spent in this place.
 B = Non-inter-level travel time spent in this place.
 C = Inter-level travel time spent in this place.
 D = Time resting spent in this place.
 E = Time spent auto-exploring this place.
 F = Levels seen in this place.
 G = Mean time per level.
                   A        B        C        D        E       F      G
               +--------+--------+--------+--------+--------+-----+--------+
         Total |  11512 |  11151 |    361 |    784 |   8725 |   8 | 1439.0 |
       Dungeon |  11512 |  11151 |    361 |    784 |   8725 |   8 | 1439.0 |
               +--------+--------+--------+--------+--------+-----+--------+

Top non-repeatable levels by time:
     D:7: 2471 daAuts
     D:3: 1931 daAuts
     D:1: 1755 daAuts
     D:6: 1637 daAuts
     D:2: 1173 daAuts
     D:5: 1115 daAuts
     D:4: 874 daAuts
     D:8: 552 daAuts
